 Dungeon Crawl Stone Soup version 0.27.1-35-g4d5d836560 (webtiles) character file.

Game seed: 8816849207978704598

196 Delamore the Covert (level 5, 0/34 HPs)
             Began as an Octopode Brigand on Mar 15, 2022.
             Was an Initiate of Gozag.
             Slain by a phantom (5 damage)
             ... on level 3 of the Dungeon.
             The game lasted 00:02:30 (2386 turns).

Delamore the Covert (Octopode Brigand)              Turns: 2386, Time: 00:02:30

Health: 0/34       AC:  1    Str: 10    XL:     5   Next: 74%
Magic:  5/5        EV: 12    Int: 14    God:    Gozag
Gold:   113        SH:  0    Dex: 14    Spells: 4/4 levels left

rFire    . . .     SeeInvis .   l - +1 dagger (freeze)
rCold    . . .     Faith    .   (no shield)
rNeg     . . .     Spirit   .   (helmet restricted)
rPois    .         Reflect  .   (no amulet)
rElec    .         Harm     .   m - ring of wizardry
rCorr    .         Rampage  .   (no ring)
Will     .....                  (no ring)
Stlth    +++++.....             (no ring)
HPRegen  0.11/turn              (no ring)
MPRegen  0.09/turn              (no ring)
                                (no ring)
                                (no ring)

@: no status effects
A: almost no armour, amphibious, 8 rings, camouflage 1, gelatinous body 1,
(nimble swimmer 1), tentacles
a: Renounce Religion, Potion Petition, Call Merchant, Bribe Branch


You were on level 3 of the Dungeon.
You worshipped Gozag.
Gozag was aware of your devotion.
You visited 1 branch of the dungeon, and saw 4 of its levels.

You collected 151 gold pieces.
You paid 38 gold pieces to Gozag.

Inventory:

Hand Weapons
 a - a +2 dagger
 g - a +0 short sword
 l - a +1 dagger of freezing (weapon)
Missiles
 b - 8 poisoned darts (quivered)
 c - 2 curare-tipped darts
 j - 4 javelins
Jewellery
 m - a ring of wizardry (left tentacle)
Scrolls
 d - a scroll of noise
 h - a scroll of enchant armour
 i - a scroll of enchant weapon
 k - a scroll of teleportation
Potions
 e - a potion of degeneration
 f - a potion of haste


   Skills:
 - Level 2.0 Fighting
 + Level 3.6 Short Blades
 - Level 2.0 Throwing
 - Level 1.0 Dodging
 * Level 8.4 Stealth


You had 4 spell levels left.
You didn't know any spells.
Your spell library contained the following spells:

 Spells                   Type           Power      Damage    Failure   Level
 Animate Skeleton         Necr           0%         N/A       12%         1
 Apportation              Tloc           0%         N/A       12%         1
 Corona                   Hex            0%         N/A       12%         1
 Summon Small Mammal      Summ           0%         N/A       12%         1
 Stone Arrow              Conj/Erth      0%         3d7       32%         3
 Lehudib's Crystal Spear  Conj/Erth      0%         10d2      100%        8
 Animate Armour           Summ/Erth      Unusable   N/A       N/A         4

Dungeon Overview and Level Annotations

Branches:
Dungeon (4/15)
 Temple: D:4-7

Altars:
Gozag
Wu Jian


Innate Abilities, Weirdness & Mutations

You cannot wear most types of armour.
You are amphibious.
You can wear up to eight rings at the same time.
Your skin changes colour to match your surroundings (Stealth+).
Your rubbery body absorbs attacks. (AC +1, EV +1)
((You are camouflaged near water. (Stealth+)))
You have tentacles for arms and can constrict up to eight enemies at once.


Message History

You constrict the hound skeleton.
You destroy the hound skeleton!
No target in view!
A ball python comes into view.
You hear the slow hiss of an avalanche of sand very nearby.
An orc comes into view. It is wielding a +0 trident.
An orc priest, an orc wizard and a phantom come into view.
A kobold comes into view. It is wielding a +0 whip.
There is a stone staircase leading up here.
There is a stone staircase leading up here.
The phantom hits you!
You climb upwards.
A bat comes into view.
There is a stone staircase leading down here.
You are too injured to fight recklessly!
You barely miss the phantom. You squeeze the phantom!
The phantom is moderately damaged.
The phantom misses you.
You hit the phantom.
The phantom is moderately damaged.
The phantom hits you.
You hit the phantom but do no damage.
The phantom is moderately damaged.
The bat closely misses you. The phantom closely misses you.
You hit the phantom but do no damage.
The phantom is moderately damaged.
The bat closely misses you. The phantom hits you!
* * * LOW HITPOINT WARNING * * *
The phantom blinks!
You blink.
Okay, then.
You closely miss the phantom. You squeeze the phantom!
The phantom is heavily damaged.
You hit the phantom.
The phantom is severely damaged.
The phantom closely misses you.
You barely miss the phantom. Your squeeze misses the phantom.
The phantom is heavily damaged.
The phantom hits you.
You die...
Your body crumbles into a pile of gold.

.#.##....... ...##.#.#..#
.#.##.#.#..# ......#.#..#
........#..# .#####..#..#
.#####..#..# ...........#
########### #
######..#.#####.@W$...... #.###
.......................###......
................######..§b...#
#.####..###.###.# ######.....
#.####..##..# ## ##.
#.##........# #.#.#...###.###
#..###.##.....##
..######.8...8.# $


You could see a phantom.

Vanquished Creatures
  A phantom (D:3)
  A bullfrog skeleton (D:4)
  A hound skeleton (D:4)
  2 adders
  A worm (D:2)
  3 dart slugs
  7 endoplasms
  2 giant cockroaches
  3 hobgoblins
  3 jackals (D:1)
  3 kobolds
  4 quokkas (D:1)
  3 ball pythons
  5 bats
  4 frilled lizards
  5 goblins
  4 rats
52 creatures vanquished.

Vanquished Creatures (others)
  4 plants (D:4)
  3 withered plants (D:2)
7 creatures vanquished.

Grand Total: 59 creatures vanquished

Notes
Turn   | Place    | Note
-------+----------+-------------------------------------------
     0 | D:1      | Delamore the Octopode Brigand began the quest for the Orb.
     0 | D:1      | Reached XP level 1. HP: 14/14 MP: 1/1
     3 | D:1      | Noticed an electric eel
     4 | D:1      | Noticed an electric eel
   465 | D:1      | Reached XP level 2. HP: 19/19 MP: 2/2
   480 | D:1      | Reached skill level 6 in Stealth
   776 | D:1      | Reached XP level 3. HP: 24/24 MP: 3/3
  1689 | D:2      | Found a faded altar of an unknown god.
  2050 | D:3      | Reached XP level 4. HP: 29/29 MP: 4/4
  2082 | D:3      | Found an opulent altar of Gozag.
  2094 | D:3      | Became a worshipper of Gozag Ym Sagoz the Greedy
  2147 | D:3      | Noticed a phantom
  2174 | D:3      | Killed a phantom
  2175 | D:3      | Reached skill level 7 in Stealth
  2175 | D:3      | Reached XP level 5. HP: 24/34 MP: 5/5
  2278 | D:3      | Found an ornate altar of the Wu Jian Council.
  2284 | D:3      | Reached skill level 8 in Stealth
  2313 | D:3      | You fall into a shaft and drop 1 floor!
  2367 | D:4      | Noticed a phantom
  2386 | D:3      | Slain by a phantom

Illustrated notes

Levels and vault maps discovered:
D:1:      arrival_aquarium_b, layout_rooms
D:2:      layout_loops_ring, ebering_ecumenical_altar_petrified
D:3:      layout_loops_ring, overflow_temple_1_default, grunt_gozag_statues
D:4:      kennysheep_kobold_camp, layout_rooms, enter_ossuary_5

Skill      XL: |  1  2  3  4  5 |
---------------+----------------+-----
Stealth        | 6 7 8 |  8.4
Short Blades   | 3 |  3.6
Fighting       | |  2.0
Throwing       | |  2.0
Dodging        | |  1.0

Action                   |  1- 3 |  4- 6 || total
-------------------------+-------+-------++-------
Melee: Dagger            |    69 |    31 ||   100
       Constrict         |    12 |     4 ||    16
       Tentacles         |    10 |     9 ||    19
Throw: Dart              |     5 |     1 ||     6
       Javelin           |     2 |       ||     2
  Use: Scroll            |     4 |     2 ||     6
 Stab: Sleeping          |    14 |     6 ||    20
Armor: Skin              |     7 |     1 ||     8
Dodge: Dodged            |    24 |    10 ||    34
